 Dungeon Crawl Stone Soup version 0.25.1-1-g288607f5aa (webtiles) character file.

Game seed: 4662627327534684762

122 Elvor the Bolt Thrower (level 4, 0/38 HPs)
             Began as a Minotaur Hunter on July 21, 2020.
             Killed by divine providence
             ... invoked by an orc priest
              (7 damage)
             ... on level 4 of the Dungeon.
             The game lasted 00:11:29 (1484 turns).

Elvor the Bolt Thrower (Minotaur Hunter)            Turns: 1484, Time: 00:11:31

Health: 0/38       AC:  3    Str: 18    XL:     4   Next: 78%
Magic:  3/3        EV:  9    Int:  8    God:
Gold:   64         SH:  8    Dex: 10    Spells: 3/3 levels left

rFire    . . .     SeeInvis .   h - +1 dagger (venom)
rCold    . . .     Gourm    .   e - +0 kite shield
rNeg     . . .     Faith    .   c - +0 leather armour
rPois    .         Spirit   .   (helmet restricted)
rElec    .         Reflect  .   (no cloak)
rCorr    .         Harm     .   (no gloves)
MR       .....                  (no boots)
Stlth    +.........             (no amulet)
HPRegen  0.12/turn              (no ring)
MPRegen  0.08/turn              (no ring)

@: lethally poisoned (0 -> -1)
A: retaliatory headbutt, horns 2
a: no special abilities


You were on level 4 of the Dungeon.
You were hungry.

You visited 1 branch of the dungeon, and saw 3 of its levels.

You collected 64 gold pieces.

Inventory:

Hand Weapons
 a - a +1 hand crossbow
 h - a +1 dagger of venom (weapon)
Missiles
 d - 9 bolts
 l - 11 poisoned darts (quivered)
Armour
 c - a +0 leather armour (worn)
 e - a +0 kite shield (worn)
Scrolls
 i - 2 scrolls of fear {unknown}
 j - a scroll of identify {unknown}
 k - a scroll of random uselessness {unknown}
 m - a scroll of teleportation {unknown}
Potions
 n - a potion of heal wounds {unknown}
 o - a potion of brilliance {unknown}
Comestibles
 b - a chunk of flesh
 f - 2 rations


   Skills:
 * Level 3.3 Fighting
 + Level 5.5 Crossbows
 * Level 1.4 Armour
 + Level 2.2 Dodging
 + Level 0.8 Stealth
 * Level 2.6 Shields


You had 3 spell levels left.
You didn't know any spells.
Your spell library was empty.

Dungeon Overview and Level Annotations

Branches:
Dungeon (2/15)

Altars:

Annotations:
D:2 Sigmund


Innate Abilities, Weirdness & Mutations

You reflexively headbutt those who attack you in melee.
You have a pair of horns on your head.


Message History

* * * LOW HITPOINT WARNING * * *
The orc closely misses you.
You barely miss the orc.
The orc is moderately wounded.
The orc barely misses you.
You hit the orc.
You kill the orc!
You hit the worker ant zombie. You headbutt the worker ant zombie.
The worker ant zombie is lightly damaged.
You feel sick.
The worker ant zombie closely misses you.
You furiously retaliate!
You headbutt the worker ant zombie. You hit the worker ant zombie.
Your headbutt misses the worker ant zombie.
The worker ant zombie is heavily damaged.
The worker ant zombie bites you.
* * * LOW HITPOINT WARNING * * *
The orc priest calls down the wrath of Beogh upon you.
Beogh smites you!
You die...

############
#..........#
#..........#
..#######..........#####
.......@Zo...........#..
..#######...............
#......$...#....
#..........#...(
#............#.>
#..$.......%#...
#######..##.#.##
#.###...# ..# ##.##


You could see an orc priest and a worker ant zombie.

Vanquished Creatures
  Terence (D:2)
  A worker ant (D:4)
  3 adders
  An ooze (D:1)
  A worm (D:2)
  A leopard gecko (D:4)
  4 orcs (D:4)
  2 goblins (D:1)
  5 hobgoblins
  4 jackals (D:2)
  2 kobolds (D:2)
  8 bats
  3 frilled lizards
  2 rats (D:1)
38 creatures vanquished.

Notes
Turn   | Place    | Note
-------+----------+-------------------------------------------
     0 | D:1      | Elvor the Minotaur Hunter began the quest for the Orb.
     0 | D:1      | Reached XP level 1. HP: 18/18 MP: 0/0
   308 | D:1      | Reached skill level 1 in Shields
   315 | D:1      | Reached XP level 2. HP: 25/25 MP: 1/1
   888 | D:2      | Reached XP level 3. HP: 30/30 MP: 2/2
   927 | D:2      | Reached skill level 1 in Armour
   991 | D:2      | Noticed Sigmund
  1273 | D:2      | Noticed Terence
  1281 | D:2      | Killed Terence
  1281 | D:2      | Reached skill level 5 in Crossbows
  1281 | D:2      | Reached XP level 4. HP: 38/38 MP: 3/3
  1437 | D:2      | You fall into a shaft and drop 2 floors!
  1484 | D:4      | Killed from afar by an orc priest

Illustrated notes

Levels and vault maps discovered:
D:1:      dpeg_arrival_signposts, layout_basic
D:2:      layout_basic, dancing_weapons_uskayaw, serial_rivers,
          chequers_serial_rivers_room_b, chequers_serial_rivers_small_b,
          chequers_serial_rivers_micro_a, chequers_serial_rivers_micro_c,
          chequers_serial_rivers_room_a, uniq_terence, uniq_sigmund,
          uniq_crazy_yiuf_cottage
D:4:      layout_rooms, nicolae_overflow_crystal_walls

Skill      XL: |  1  2  3 |
---------------+----------+-----
Shields        | 1 2 |  2.6
Fighting       | 3 |  3.3
Armour         | 1 |  1.4
Crossbows      | 5 |  5.5
Dodging        | |  2.2
Stealth        | |  0.8

Action                   |  1- 3 |  4- 6 || total
-------------------------+-------+-------++-------
Melee: Dagger            |     7 |    35 ||    42
       Headbutt          |     1 |     7 ||     8
 Fire: Hand crossbow     |    43 |     6 ||    49
  Eat: Chunk             |     1 |       ||     1
Armor: Leather armour    |     2 |       ||     2
Dodge: Dodged            |     6 |    12 ||    18
Block: Kite shield       |     2 |    12 ||    14
